 Dungeon Crawl Stone Soup version 0.29-a0-222-g5b244fca1f (webtiles) character file.

Game seed: 14237036791804033278

1145 dracfodder the Poker (level 8, -10/49 HPs)
             Began as a Gargoyle Berserker on Feb 27, 2022.
             Was a Priest of Trog.
             Mangled by an orc warrior
             ... wielding a +0 halberd
              (16 damage)
             ... on level 5 of the Dungeon.
             The game lasted 00:17:36 (4469 turns).

dracfodder the Poker (Gargoyle Berserker)           Turns: 4469, Time: 00:17:39

Health: -10/49     AC: 19    Str: 28    XL:     8   Next: 37%
Magic:  8/8        EV: 10    Int: 12    God:    Trog [***...]
Gold:   253        SH:  9    Dex:  9    Spells: 7/7 levels left

rFire   . . .      SeeInvis .   a - +2 spear (chaos)
rCold   . . .      Faith    .   e - +1 kite shield
rNeg    + . .      Spirit   .   o - +4 ring mail of Gaobrin {*Slow +Blink Str+5 Int+4}
rPois   ∞          Reflect  .   j - +2 helmet
rElec   +          Harm     .   (no cloak)
rCorr   .          Rampage  .   i - +0 pair of gloves
Will    ++...                   (no boots)
Stlth   +.........              (no amulet)
HPRegen 1.16/turn               (no ring)
MPRegen 0.11/turn               (no ring)

@: strong-willed, on berserk cooldown, regenerating, slowed, very slow
A: sickness immunity, AC +5, negative energy resistance 1, electricity
resistance, torment resistance 1, petrification resistance
a: Renounce Religion, Evoke Blink, Berserk, Trog's Hand


You were on level 5 of the Dungeon.
You worshipped Trog.
Trog was most pleased with you.
You visited 1 branch of the dungeon, and saw 6 of its levels.

You collected 253 gold pieces.

Inventory:

Hand Weapons
 a - a +2 spear of chaos (weapon)
Missiles
 c - 159 stones
 g - 5 javelins
 p - 12 poisoned darts (quivered)
 t - 2 atropa-tipped darts
Armour
 e - a +1 kite shield (worn)
 i - a +0 pair of gloves (worn)
 j - a +2 helmet (worn)
 o - the +4 ring mail of Gaobrin (worn) {*Slow +Blink Str+5 Int+4}
   (You found it on level 3 of the Dungeon)

   Str:       It affects your strength (+5).
   Int:       It affects your intelligence (+4).
   +Blink:    It lets you blink.
   *Slow:     It may slow you when you take damage.
Jewellery
 d - a +6 ring of intelligence
 q - a ring of fire
Wands
 b - a wand of flame (26)
 u - a wand of iceblast (9)
Scrolls
 h - a scroll of blinking
 k - a scroll of teleportation
 r - 2 scrolls of vulnerability {unknown}
 s - a scroll of noise {unknown}
Potions
 f - 2 potions of heal wounds
 l - a potion of magic
 m - 2 potions of degeneration {unknown}
 n - a potion of berserk rage {unknown}


   Skills:
 + Level 5.3 Fighting
 + Level 6.3 Polearms
 + Level 4.1 Armour
 + Level 3.4 Dodging
 + Level 0.8 Stealth
 + Level 3.5 Shields


You had 7 spell levels left.
You didn't know any spells.
Your spell library was empty.

Dungeon Overview and Level Annotations

Branches:
Dungeon (6/15)
 Temple: D:4-7

Altars:
Gozag
Vehumet


Innate Abilities, Weirdness & Mutations

You are immune to sickness and miasma.
Your stone body is resilient. (AC +5)
You are immune to poison.
You resist negative energy. (rN+)
You are resistant to electric shocks. (rElec)
You are resistant to unholy torment.
You are immune to petrification.


Message History

You hit the iguana.
The iguana is heavily wounded.
The iguana barely misses you.
You closely miss the iguana.
The iguana is heavily wounded.
The orc warrior hits you but does no damage.
You puncture the iguana!
You kill the iguana!
Trog accepts your kill.
The orc warrior hits you from afar with a +0 halberd.
You see here an iguana corpse.
You hit the orc warrior.
The orc warrior is moderately wounded.
The orc warrior misses you.
You barely miss the orc warrior.
The orc warrior is moderately wounded.
You block the orc warrior's attack.
You closely miss the orc warrior.
The orc warrior is moderately wounded.
You hit the orc warrior but do no damage.
The orc warrior is moderately wounded.
The orc warrior barely misses you.
You hit the orc warrior.
The orc warrior goes berserk!
The orc warrior is heavily wounded.
You block the orc warrior's attack.
You closely miss the orc warrior.
The orc warrior is heavily wounded.
The orc warrior hits you with a +0 halberd!!
* * * LOW HITPOINT WARNING * * *
You hit the orc warrior but do no damage.
The orc warrior is poisoned.
The orc warrior is heavily wounded.
You block the orc warrior's attack.
You puncture the orc warrior! You freeze the orc warrior.
The orc warrior is almost dead.
You are no longer berserk.
You are exhausted.
You feel yourself slow down.
The orc warrior hits you with a +0 halberd!
You die...

........#........#
######.###########
.................#
...#....####.....#
...#....# ...#
..##....# #..#
..###....... #..#
.## #...#... #.#
## #...#.... #@# #
##..# ... #o# ####
.####.###W# [..###
..........#
.....###......W..#
......####.......#
.####..# ####.(..#
...##..## ####.#
....#...# ###...#


You could see an orc warrior (berserk, very poisoned) and a phantom.

Vanquished Creatures
  Sigmund (D:3)
  Eustachio (D:4)
  The ghost of Hubris850 the Insei, an amateur DsTm (D:3)
  A water moccasin (D:4)
  A black bear (D:5)
  A scorpion (D:1)
  2 jellies (D:4)
  A hound (D:4)
  2 orc priests
  Ijyb (D:3)
  An orc wizard (D:5)
  3 iguanas
  A scorpion simulacrum (D:3)
  7 adders
  A white imp (D:3)
  An ufetubus (D:5)
  2 worms
  4 dart slugs (D:1)
  3 adder simulacra (D:3)
  10 orcs
  7 bats
  17 endoplasms
  3 giant cockroaches
  11 goblins
  10 hobgoblins
  4 jackals (D:4)
  A quokka (D:2)
  7 ball pythons
  A ball python simulacrum (D:3)
  A frilled lizard (D:1)
  16 kobolds
  9 rats
132 creatures vanquished.

Vanquished Creatures (others)
  6 fungi (D:4)
  6 toadstools (D:4)
12 creatures vanquished.

Grand Total: 144 creatures vanquished

Notes
Turn   | Place    | Note
-------+----------+-------------------------------------------
     0 | D:1      | dracfodder the Gargoyle Berserker began the quest for the
                  | Orb.
     0 | D:1      | Reached XP level 1. HP: 14/14 MP: 1/1
   198 | D:1      | Reached XP level 2. HP: 19/19 MP: 2/2
   228 | D:3      | Noticed a scorpion
   249 | D:1      | Killed a scorpion
   250 | D:1      | Reached skill level 3 in Polearms
   250 | D:1      | Reached XP level 3. HP: 22/24 MP: 3/3
   250 | D:1      | Reached XP level 4. HP: 26/29 MP: 4/4
   836 | D:1      | Reached ** piety under Trog
   965 | D:1      | Found a faded altar of an unknown god.
  1532 | D:2      | Reached XP level 5. HP: 34/34 MP: 5/5
  1864 | D:3      | Found a runed translucent gate.
  1864 | D:3      | Found a runed translucent gate.
  1864 | D:3      | Found a runed translucent gate.
  1893 | D:3      | Identified the +4 ring mail of Gaobrin {*Slow +Blink Str+5
                  | Int+4}
  1969 | D:3      | Noticed Hubris850's ghost (amateur DsTm)
  1996 | D:3      | Noticed Ijyb
  2004 | D:3      | Killed Ijyb
  2005 | D:3      | Reached skill level 4 in Polearms
  2087 | D:3      | Noticed Sigmund
  2096 | D:3      | Killed Sigmund
  2097 | D:3      | Reached skill level 1 in Shields
  2097 | D:3      | Reached XP level 6. HP: 40/40 MP: 6/6
  2292 | D:3      | Reached *** piety under Trog
  2315 | D:3      | Killed Hubris850's ghost
  2316 | D:3      | Reached skill level 5 in Polearms
  2316 | D:3      | Reached XP level 7. HP: 44/44 MP: 7/7
  2468 | D:5      | Entered Level 5 of the Dungeon
  2719 | D:4      | Noticed Eustachio
  2735 | D:4      | Killed Eustachio
  2736 | D:4      | Reached skill level 5 in Fighting
  3291 | D:4      | Reached XP level 8. HP: 26/49 MP: 8/8
  3517 | D:5      | Reached skill level 6 in Polearms
  3915 | D:5      | Found a radiant altar of Vehumet.
  4400 | D:5      | Found an opulent altar of Gozag.
  4469 | D:5      | Mangled by an orc warrior

Illustrated notes

Levels and vault maps discovered:
D:1:      amcnicky_arrival_abandoned_market, layout_rooms,
          basic_ecumenical_altar
D:2:      layout_loops_ring, minmay_randomly_rotated_circles
D:3:      minmay_wonky_spiral, layout_basic, gammafunk_ghost_icy, uniq_sigmund,
          uniq_ijyb
D:4:      cheibrodos_fertilizer, layout_loops_corners, nrook_uturn,
          uniq_eustachio
D:5:      minmay_recursive_quarters, layout_basic, mainiacjoe_overflow_swirl
D:6:      layout_loops_ring, minmay_temple_entry_arrows, uniq_duvessa

Skill      XL: |  1  2  3  4  5  6  7  8 |
---------------+-------------------------+-----
Fighting       | 4 5 |  5.3
Polearms       | 3 4 5 6 |  6.3
Dodging        | 2 3 |  3.4
Armour         | 3 4 |  4.1
Shields        | 1 2 3 |  3.5
Stealth        | |  0.8

Action                   |  1- 3 |  4- 6 |  7- 9 || total
-------------------------+-------+-------+-------++-------
Melee: Spear             |    40 |   203 |   230 ||   473
       Punch             |     2 |       |       ||     2
Throw: Stone             |       |    12 |       ||    12
       Dart              |       |       |     2 ||     2
Invok: Berserk           |     2 |     2 |     2 ||     6
       Trog's Hand       |       |     3 |     2 ||     5
Evoke: Wand              |       |       |     2 ||     2
  Use: Scroll            |       |     9 |     2 ||    11
 Stab: Paralysed         |       |       |     2 ||     2
Armor: Animal skin       |    14 |     2 |       ||    16
       Chain mail        |       |    48 |       ||    48
       Ring mail         |       |    19 |    81 ||   100
Dodge: Dodged            |    19 |    39 |    63 ||   121
Block: Kite shield       |       |    48 |    79 ||   127

Table legend: (Time is in decaauts)
 A = Elapsed time spent in this place.
 B = Non-inter-level travel time spent in this place.
 C = Inter-level travel time spent in this place.
 D = Time resting spent in this place.
 E = Time spent auto-exploring this place.
 F = Levels seen in this place.
 G = Mean time per level.
                   A        B        C        D        E       F      G
               +--------+--------+--------+--------+--------+-----+--------+
         Total |   4540 |   4446 |     94 |    543 |   2829 |   6 |  756.7 |
       Dungeon |   4540 |   4446 |     94 |    543 |   2829 |   6 |  756.7 |
               +--------+--------+--------+--------+--------+-----+--------+

Top non-repeatable levels by time:
     D:4: 1168 daAuts
     D:1: 1080 daAuts
     D:5: 953 daAuts
     D:2: 678 daAuts
     D:3: 657 daAuts
     D:6: 1 daAuts
